Map: Proxima Station LE

Players

Dark - Winner!

  • Race: Zerg Zerg
  • Spawn Location: 1:00

ShoWTimE

  • Race: Protoss Protoss
  • Spawn Location: 7:00

Event: IEM XI Katowice - World Championship 2017

VOD

Have the link to the VOD?

Description

Time

  • Played on: March 3, 2017, 4:23 p.m.
  • Length: 10:04

All games in this series

Show
View Real Time Build Order
Export as new Build Order

Dark Zerg - Winner!

Build Orders: Hatch First 

Get SALT Encoding   

  12  0:00  Drone  
  13  0:12  Overlord  
  13  0:17  Drone  
  14  0:30  Drone x2  
  14  0:34  Drone  
  17  0:54  Drone  
  18  0:59  Hatchery  
  18  1:01  Drone  
  18  1:08  Extractor  
  17  1:17  Spawning Pool, Drone  
  17  1:21  Drone  
  18  1:28  Drone  
  19  1:38  Drone  
  20  1:53  Drone  
  21  1:57  Hatchery  
  20  2:04  Zergling x2  
  21  2:09  Metabolic Boost  
  21  2:12  Queen  
  23  2:17  Drone  
  23  2:19  Drone  
  25  2:28  Overlord  
  25  2:30  Drone  
  26  2:37  Queen  
  28  2:46  Zergling x2  
  28  2:47  Drone x2  
  28  2:50  Zergling x2  
  32  2:54  Pneumatized Carapace  
  32  2:59  Overlord  
  32  3:02  Drone  
  32  3:05  Drone  
  34  3:08  Drone  
  34  3:09  Drone  
  36  3:15  Queen  
  36  3:19  Drone  
  39  3:23  Drone x2  
  39  3:25  Drone  
  39  3:26  Drone  
  43  3:33  Spore Crawler  
  42  3:35  Spore Crawler  
  42  3:37  Spore Crawler  
  42  3:39  Drone x2  
  42  3:42  Zergling x2  
  42  3:43  Zergling x2  
  42  3:45  Drone  
  42  3:46  Drone  
  45  3:49  Drone  
  45  3:54  Drone x2  
  48  3:57  Drone x2  
  48  4:00  Overlord  
  50  4:03  Overlord  
  49  4:11  Overlord  
  49  4:14  Extractor  
  49  4:16  Zergling x4  
  49  4:17  Overlord, Evolution Chamber  
  49  4:22  Drone x2  
  49  4:23  Drone x2  
  49  4:24  Drone  
  53  4:27  Queen  
  53  4:29  Drone  
  56  4:33  Drone  
  56  4:34  Drone x2  
  56  4:36  Drone x2  
  61  4:44  Drone x2  
  63  4:51  Zerg Melee Weapons Level 1  
  63  4:53  Drone  
  63  4:54  Baneling Nest, Drone x4  
  63  4:55  Overlord  
  63  4:57  Zergling x4  
  69  5:00  Zergling x4  
  69  5:06  Queen  
  73  5:11  Overlord  
  73  5:12  Lair  
  74  5:14  Drone x3  
  74  5:15  Drone  
  74  5:19  Overlord  
  74  5:20  Drone x2  
  79  5:22  Drone  
  79  5:24  Extractor  
  79  5:27  Drone x2  
  81  5:29  Extractor  
  81  5:30  Evolution Chamber, Drone  
  81  5:32  Drone x2  
  82  5:42  Drone x3  
  82  5:44  Overlord  
  82  5:50  Drone  
  82  5:51  Drone x2  
  82  5:52  Drone  
  82  5:56  Hatchery  
  85  5:58  Hatchery  
  85  5:59  Zergling x6  
  85  6:00  Zergling x2  
  88  6:07  Overlord  
  88  6:08  Overlord x2  
  88  6:13  Zerg Ground Armor Level 1  
  88  6:21  Infestation Pit  
  88  6:22  Centrifical Hooks  
  88  6:23  Zergling x2  
  88  6:24  Zergling x10  
  93  6:29  Drone x4  
  93  6:31  Drone  
  98  6:35  Drone  
  97  6:44  Drone x2  
  97  6:45  Drone  
  97  6:46  Zergling x10  
  97  6:47  Zergling x2  
  106  6:49  Baneling x5  
  106  6:52  Baneling x2  
  106  6:53  Baneling x3  
  106  6:56  Drone  
  106  6:57  Spore Crawler, Drone  
  106  6:58  Zergling x2  
  106  6:59  Zergling x4  
  106  7:00  Spine Crawler  
  109  7:02  Hive  
  109  7:04  Baneling x3  
  109  7:05  Baneling x2  
  109  7:11  Spine Crawler  
  109  7:13  Spine Crawler, Baneling x4  
  106  7:22  Zerg Melee Weapons Level 2, Zergling x20  
  116  7:35  Zergling x16  
  116  7:36  Baneling x4  
  124  7:42  Overlord  
  122  7:50  Zergling x12  
  125  7:57  Zergling x2  
  125  7:58  Zergling x10  
  122  7:59  Overlord x2  
  122  8:04  Hatchery  
  125  8:12  Drone x5  
  130  8:13  Drone x3  
  130  8:16  Extractor  
  130  8:17  Extractor  
  130  8:18  Spire  
  130  8:19  Zergling x12  
  136  8:23  Overlord  
  136  8:28  Adrenal Glands  
  136  8:29  Drone  
  136  8:30  Drone x4  
  136  8:32  Extractor x2  
  139  8:38  Zergling x6  
  139  8:39  Zergling x4  
  139  8:40  Baneling  
  139  8:41  Baneling x4  
  143  8:47  Baneling x4  
  143  8:48  Zergling x16  
  144  8:50  Baneling x2  
  144  8:51  Baneling  
  144  8:52  Baneling  
  144  8:54  Zergling x6  
  144  8:55  Zergling x2  
  154  8:58  Zergling x2, Baneling x2  
  154  8:59  Baneling x2  
  154  9:00  Baneling  
  154  9:01  Zergling x2  
  156  9:03  Baneling x2  
  156  9:09  Zergling x2  
  155  9:10  Zergling x2  
  155  9:13  Zergling x4  
  155  9:14  Overlord  
  155  9:15  Baneling  
  155  9:16  Baneling x8  
  156  9:17  Baneling  
  156  9:22  Zergling x2, Baneling x4  
  156  9:23  Zergling x18  
  156  9:24  Zergling x8  
  159  9:25  Baneling  
  159  9:26  Zergling x4, Baneling x2  
  159  9:29  Zergling x4  
  163  9:37  Zergling x12  
  160  9:41  Zergling x2  
  160  9:45  Baneling x17  
  161  9:46  Baneling  
Show
View Real Time Build Order
Export as new Build Order

ShoWTimE Protoss 

Build Orders: 1 Gate Expand, Oracle Opening 

Get SALT Encoding   

  12  0:00  Probe (Chrono Boost)  
  13  0:11  Probe (Chrono Boost)  
  14  0:18  Pylon  
  14  0:23  Probe (Chrono Boost)  
  15  0:37  Probe (Chrono Boost)  
  15  0:40  Gateway  
  16  0:45  Assimilator  
  16  0:49  Probe (Chrono Boost)  
  17  1:00  Probe (Chrono Boost)  
  17  1:02  Pylon  
  18  1:10  Probe (Chrono Boost)  
  19  1:25  Nexus  
  19  1:28  Probe (Chrono Boost)  
  20  1:38  Cybernetics Core  
  20  1:41  Probe (Chrono Boost)  
  20  1:46  Assimilator  
  21  1:52  Probe (Chrono Boost)  
  22  1:57  Pylon  
  22  2:02  Probe (Chrono Boost)  
  23  2:11  Adept  
  26  2:16  Probe (Chrono Boost)  
  26  2:22  Stargate  
  26  2:29  Probe (Chrono Boost)  
  27  2:32  Warp Gate  
  27  2:36  Adept  
  27  2:37  Probe (Chrono Boost)  
  28  2:41  Probe (Chrono Boost)  
  31  2:47  Probe (Chrono Boost)  
  33  2:53  Probe (Chrono Boost)  
  33  2:58  Probe (Chrono Boost)  
  34  3:03  Adept  
  34  3:04  Oracle, Probe (Chrono Boost)  
  37  3:10  Probe (Chrono Boost)  
  41  3:14  Probe (Chrono Boost)  
  42  3:21  Pylon  
  42  3:22  Probe (Chrono Boost)  
  42  3:25  Probe (Chrono Boost)  
  44  3:30  Gateway  
  45  3:34  Gateway, Probe (Chrono Boost)  
  45  3:36  Probe (Chrono Boost)  
  45  3:40  Oracle  
  46  3:46  Probe (Chrono Boost)  
  46  3:48  Probe (Chrono Boost)  
  51  3:53  Pylon  
  51  3:58  Probe x2 (Chrono Boost)  
  53  4:04  Pylon  
  53  4:06  Assimilator  
  53  4:08  Assimilator  
  54  4:10  Probe (Chrono Boost)  
  54  4:11  Probe (Chrono Boost)  
  54  4:16  Void Ray  
  55  4:22  Probe (Chrono Boost)  
  55  4:23  Probe (Chrono Boost)  
  61  4:32  Nexus  
  61  4:34  Probe (Chrono Boost)  
  61  4:37  Pylon  
  64  4:39  Mothership Core (Chrono Boost)  
  65  4:46  Probe (Chrono Boost)  
  65  4:50  Adept x2  
  69  4:56  Sentry  
  69  4:59  Probe (Chrono Boost), Forge  
  72  5:01  Probe (Chrono Boost)  
  73  5:11  Robotics Facility, Probe x2 (Chrono Boost)  
  76  5:21  Protoss Ground Weapons Level 1  
  76  5:22  Probe (Chrono Boost)  
  76  5:23  Twilight Council, Probe (Chrono Boost)  
  76  5:25  Pylon  
  77  5:28  Assimilator  
  77  5:32  Assimilator  
  77  5:34  Probe (Chrono Boost)  
  78  5:45  Probe (Chrono Boost), Sentry  
  78  5:46  Probe x2 (Chrono Boost)  
  83  5:55  Gateway x2  
  83  5:56  Probe (Chrono Boost)  
  86  5:57  Probe (Chrono Boost)  
  86  5:58  Probe (Chrono Boost)  
  86  5:59  Observer  
  86  6:01  Robotics Facility  
  87  6:05  Photon Cannon  
  87  6:07  Probe (Chrono Boost)  
  87  6:08  Pylon  
  87  6:09  Probe (Chrono Boost), Charge  
  87  6:10  Probe (Chrono Boost)  
  90  6:17  Probe (Chrono Boost)  
  91  6:20  Templar Archives  
  91  6:21  Probe (Chrono Boost)  
  91  6:22  Warp Prism  
  94  6:43  Gateway x2, Templar Archives  
  94  6:45  Zealot x3, Probe (Chrono Boost)  
  98  6:48  Immortal  
  102  6:54  Psionic Storm  
  102  6:55  Pylon  
  102  6:56  Pylon  
  102  7:03  High Templar x2  
  105  7:09  Protoss Ground Weapons Level 2  
  105  7:11  High Templar x2, Immortal  
  109  7:22  Immortal  
  117  7:33  Nexus  
  117  7:35  Pylon  
  117  7:37  Pylon  
  117  7:38  Stalker x2  
  121  7:44  Zealot  
  121  7:45  Adept  
  125  7:54  Probe x2 (Chrono Boost)  
  125  7:58  High Templar  
  121  8:02  Gateway  
  121  8:05  Gateway  
  120  8:08  Gateway  
  120  8:14  High Templar x2, Gateway  
  120  8:18  Pylon  
  120  8:19  Pylon, Archon  
  124  8:32  Pylon  
  124  8:33  Nexus  
  124  8:34  Pylon  
  124  8:35  Pylon x2  
  124  8:36  Warp Prism  
  124  8:39  Pylon  
  124  8:40  Zealot x3, High Templar x2  
  134  8:44  Archon  
  136  8:49  High Templar x2  
  140  8:55  Archon  
  140  8:56  Observer  
  140  8:59  Zealot  
  143  9:04  Zealot x3  
  148  9:10  Zealot x2  
  148  9:14  Zealot x3  
  152  9:29  High Templar x2  
  152  9:30  Zealot x3  
  142  9:40  Archon  
  142  9:43  Zealot x2  
  142  9:44  Zealot x2  
  150  9:49  Zealot x2  
  128  9:59  Zealot, High Templar x2  

Tags
 
Add a new tag
Caveats
  • Supply blocks, unpowered buildings, or Contaminate may cause inaccurate times.
  • Supply counts are checked every 10 seconds.